 Dungeon Crawl Stone Soup version 0.21.1 (webtiles) character file.

127 opopo the Sneak (level 4, 0/21 HPs)
             Began as a Spriggan Enchanter on Feb 3, 2018.
             Slain by hofbold's ghost (14 damage)
             ... on level 3 of the Dungeon.
             The game lasted 00:11:44 (3680 turns).

opopo the Sneak (Spriggan Enchanter)                Turns: 3680, Time: 00:11:45

Health: 0/21       AC:  2    Str:  4    XL:     4   Next: 85%
Magic:  3/9        EV: 18    Int: 17    God:
Gold:   137        SH:  0    Dex: 16    Spells: 0/8 levels left

rFire    . . .     SeeInvis +   a - +1 dagger
rCold    . . .     Gourm    .   (shield restricted)
rNeg     . . .     Faith    .   b - +0 robe
rPois    .         Spirit   .   (helmet restricted)
rElec    .         Reflect  .   (no cloak)
rCorr    .         Harm     .   (gloves unavailable)
MR       .....                  (boots unavailable)
Stlth    ++++......             (no amulet)
HPRegen  0.07/turn              (no ring)
MPRegen  0.11/turn              (no ring)

@: very slightly contaminated, very quick
A: very small, unfitting armour, see invisible, herbivore, speed 3, slow
metabolism 2
a: no special abilities


You were on level 3 of the Dungeon.
You were not hungry.

You visited 1 branch of the dungeon, and saw 3 of its levels.

You collected 137 gold pieces.

Inventory:

Hand Weapons
 a - a +1 dagger (weapon)
 n - a -1 dagger
Missiles
 l - 16 poisoned needles
Armour
 b - a +0 robe (worn)
Scrolls
 e - 2 scrolls of identify
 k - 3 scrolls of magic mapping {unknown}
 m - a scroll of fear {unknown}
Potions
 f - a potion of magic {unknown}
 g - 2 potions of ambrosia
 h - a potion of lignification {unknown}
 i - 2 potions of agility {unknown}
 j - a potion of brilliance {unknown}
 o - a potion of curing {unknown}
Books
 c - a book of Maledictions

   Spells                             Type                      Level
   a - Corona                         Hexes                        1
   b - Ensorcelled Hibernation        Hexes/Ice                    2
   c - Confuse                        Hexes                        3
   d - Tukima's Dance                 Hexes                        3
   e - Dazzling Spray                 Conjuration/Hexes            3
Comestibles
 d - 4 rations


   Skills:
 + Level 0.2 Fighting
 + Level 1.6 Short Blades
 + Level 3.2 Dodging
 + Level 7.5 Stealth
 - Level 2.7 Spellcasting
 * Level 4.4 Hexes


You couldn't memorise any spells.
You knew the following spells:

 Your Spells              Type           Power        Failure   Level  Hunger
a - Dazzling Spray        Conj/Hex       #.....       22%         3    ###....
b - Ensorcelled Hibernat  Hex/Ice        #.....       11%         2    ##.....
c - Confuse               Hex            ###.....     9%          3    ###....


Dungeon Overview and Level Annotations

Branches:
Dungeon (3/15)

Altars:
Xom

Annotations:
D:3 hofbold's ghost, amateur FoFi


Innate Abilities, Weirdness & Mutations

You are very small and have problems with some larger weapons.
You are too small for most types of armour.
You have supernaturally acute eyesight. (SInv)
You are a herbivore.
You cover ground extremely quickly.
You need consume almost no food.


Message History

You climb downwards.
Level annotation: hofbold's ghost, amateur FoFi Hofbold's ghost barely misses you.
Hofbold's ghost misses you.
There is a stone staircase leading up, spattered with blood here.
Casting: Confuse
Confirm with . or Enter, or press ? or * to list all spells.
Aiming: Confuse
Press: ? - help, Shift-Dir - straight line, f - hofbold's ghost
Aim: hofbold's ghost (chance to defeat MR: 36%) Hofbold's ghost easily resists.
Hofbold's ghost hits you!
Casting: Confuse
Confirm with . or Enter, or press ? or * to list all spells.
Aiming: Confuse
Press: ? - help, Shift-Dir - straight line, f/p - hofbold's ghost
Aim: hofbold's ghost (chance to defeat MR: 36%)
You miscast Confuse.
You are very lightly contaminated with residual magic.
Your skin tingles.
Hofbold's ghost hits you!
Ouch! That really hurt!
You die...

#######..(.##..##.# ..
#....<........# #.###.... #
#.............###......#
####.##..(...........#..# #.#
.
........................#...#
.
###..#...(..(.....##..#.#.#.#
. #.#.............##......#.#
#
.................##..#.###.#
#
###%..........@...>......##.#
#
....###.###...W..#####..##.#
# ....# #.....####.#
#.....### #...#. ..#####
#.### #.##..... ...
.##.########W..###........
....................#.### ###
...................#.###
....##.#..........###........
..$....####................(.


You could see hofbold's ghost.

Vanquished Creatures
  5 adders
  An ooze (D:1)
  A worm (D:2)
  3 dart slugs (D:2)
  A leopard gecko (D:2)
  2 giant cockroaches (D:1)
  10 goblins
  8 hobgoblins
  4 jackals (D:3)
  10 bats
  5 frilled lizards
  12 kobolds
  9 rats
71 creatures vanquished.

Notes
Turn   | Place    | Note
-------+----------+-------------------------------------------
     0 | D:1      | opopo the Spriggan Enchanter began the quest for the Orb.
     0 | D:1      | Reached XP level 1. HP: 9/9 MP: 5/5
   199 | D:1      | Reached XP level 2. HP: 4/13 MP: 4/6
   203 | D:1      | Learned a level 2 spell: Ensorcelled Hibernation
   632 | D:1      | Reached skill level 5 in Stealth
   997 | D:1      | Reached XP level 3. HP: 14/16 MP: 8/8
  1002 | D:1      | Learned a level 3 spell: Confuse
  1233 | D:1      | Reached skill level 6 in Stealth
  1375 | D:2      | Found a shimmering altar of Xom.
  1791 | D:2      | Reached skill level 7 in Stealth
  1791 | D:2      | Reached XP level 4. HP: 13/21 MP: 1/9
  2576 | D:2      | Learned a level 3 spell: Dazzling Spray
  2979 | D:3      | Noticed hofbold's ghost (amateur FoFi)
  3680 | D:3      | Slain by hofbold's ghost

Skill      XL: |  1  2  3 |
---------------+----------+-----
Hexes          | 4 |  4.4
Stealth        | 5 7 |  7.5
Fighting       | |  0.2
Short Blades   | |  1.6
Dodging        | |  3.2
Spellcasting   | |  2.7

Action                   |  1- 3 |  4- 6 || total
-------------------------+-------+-------++-------
Melee: Dagger            |   173 |    99 ||   272
 Cast: Corona            |     1 |       ||     1
       Ensorcelled Hiber |     7 |    15 ||    22
       Confuse           |       |     8 ||     8
  Use: Scroll            |       |     3 ||     3
 Stab: Sleeping          |    16 |    12 ||    28
       Distracted        |     1 |       ||     1
  Eat: Ration            |       |     2 ||     2
Armor: Robe              |    20 |    11 ||    31
Dodge: Dodged            |   138 |    88 ||   226
